 Dungeon Crawl Stone Soup version 0.31-a0-851-g7ff8af7976 (webtiles) character file.

Game seed: 8453282831233248139

299 BinkBink the Covered (level 6, 0/56 HPs)
             Began as a Minotaur Fighter on Oct 5, 2023.
             Was a Believer of Lugonu.
             Slain by an ogre
             ... wielding a +0 giant club
              (17 damage)
             ... on level 4 of the Dungeon.
             The game lasted 00:04:48 (2410 turns).

BinkBink the Covered (Minotaur Fighter)             Turns: 2410, Time: 00:04:48

Health: 0/56       AC:  9    Str: 19 (22) XL:     6   Next: 13%
Magic:  5/5        EV:  8    Int:  4 (5)  God:    Lugonu [**....]
Gold:   164        SH:  8    Dex:  7 (10) Spells: 5/5 levels left

rFire   . . .        t - +1 whip (holy)
rCold   . . .        n - +0 kite shield
rNeg    . . .        b - +0 scale mail
rPois   .            (helmet restricted)
rElec   .            (no cloak)
rCorr   .            j - +1 pair of gloves
SInv    .            (no boots)
Will    .....        (no amulet) Stlth
                     (no ring)
HPRegen 0.29/turn    (no ring)
MPRegen 0.09/turn

%: no passive effects
@: no status effects
A: horns 2, retaliatory headbutt
a: Renounce Religion, Depart the Abyss, Banish


You were on level 4 of the Dungeon.
You worshipped Lugonu.
Lugonu was pleased with you.
You visited 1 branch of the dungeon, and saw 4 of its levels.

You collected 164 gold pieces.

Inventory:

Hand Weapons
 a - a +0 flail
 t - a +1 whip of holy wrath (weapon)
Armour
 b - a +0 scale mail (worn)
 j - a +1 pair of gloves (worn)
 n - a +0 kite shield (worn)
Wands
 p - a wand of iceblast (9)
 u - a wand of charming (9)
Scrolls
 c - a scroll of teleportation {unknown}
 e - 5 scrolls of identify {unknown}
 h - a scroll of revelation {unknown}
 l - a scroll of noise {unknown}
 o - a scroll of fog {unknown}
Potions
 d - a potion of might
 f - 2 potions of degeneration
 g - a potion of cancellation {unknown}
 i - a potion of invisibility
 k - a potion of enlightenment {unknown}
 m - a potion of berserk rage {unknown}
 q - a potion of attraction {unknown}
 r - a potion of ambrosia
 s - a potion of haste {unknown}


   Skills:
 + Level 5.1 Fighting
 + Level 4.3 Maces & Flails
 + Level 5.2 Armour
 + Level 5.2 Shields


You had 5 spell levels left.
You didn't know any spells.
Your spell library contained the following spells:

 Spells                   Type           Power      Damage    Failure   Level
 Magic Dart               Conj           0%         1d3       98%         1
 Sting                    Tmut/Pois      0%         1d3       98%         1
 Call Imp                 Summ           0%         N/A       99%         2
 Poisonous Vapours        Pois/Air       0%         N/A       99%         2
 Mephitic Cloud           Conj/Pois/Air  0%         N/A       100%        3
 Ozocubu's Armour         Ice            0%         N/A       100%        3
 Olgreb's Toxic Radiance  Pois           0%         N/A       100%        4
 Metabolic Englaciation   Hex/Ice        0%         N/A       100%        5
 Simulacrum               Ice/Necr       0%         N/A       100%        6


Dungeon Overview and Level Annotations

Branches:
Dungeon (3/15)

Altars:
Lugonu

Shops:
D:2 !=!*[

Annotations:
D:3 2 transporters, Zlot's ghost, amateur GrRe


Innate Abilities, Weirdness & Mutations

You have a pair of horns on your head.
You reflexively headbutt those who attack you in melee.


Message History

You hit the iguana but do no damage.
The iguana is heavily wounded.
The iguana barely misses you.
You hit the iguana but do no damage.
The iguana is heavily wounded.
The iguana bites you!
You hit the iguana. Your headbutt misses the iguana.
The iguana is severely wounded.
You block the iguana's attack.
You barely miss the iguana. Your headbutt misses the iguana.
The iguana is severely wounded.
The iguana barely misses you. You furiously retaliate!
You headbutt the iguana!
You kill the iguana!
Lugonu accepts your kill.
u - a wand of charming (9)
An ogre comes into view. It is wielding a +0 giant club.
Found a stone staircase leading up.
The ogre moves out of view.
An ogre is nearby!
You block the ogre's attack.
You hit the ogre but do no damage. The ogre hits you with a +0 giant club!
You hit the ogre. Your headbutt misses the ogre.
The ogre is lightly wounded.
You hit the ogre.
The ogre is moderately wounded.
The ogre hits you with a +0 giant club!
You hit the ogre.
The ogre is heavily wounded.
The ogre hits you with a +0 giant club!!
* * * LOW HITPOINT WARNING * * *
You are too injured to fight recklessly!
You are too injured to fight recklessly!
You hit the ogre.
The ogre is heavily wounded.
You block the ogre's attack.
You hit the ogre.
The ogre is heavily wounded.
You hit the ogre.
The ogre is severely wounded.
The ogre hits you with a +0 giant club!
You die...

.....##.......#
..............###
.....#.#.#......#
.......###......#
...)...........##
...##..........#
#...........###
##..........##
##....@.....#
#..#O.##.#.#
...........#.#
.........#...#
...<##..######
..## #... # ##.#
###


You could see an ogre.

Vanquished Creatures
  A black bear (D:4)
  An iguana (D:4)
  Jessica (D:2)
  An orc wizard (D:4)
  3 gnolls (D:4)
  4 adders
  A worm (D:3)
  A dart slug (D:1)
  4 orcs
  6 ball pythons
  4 endoplasms
  3 giant cockroaches
  5 goblins
  2 hobgoblins
  4 jackals
  3 quokkas
  2 bats
  6 frilled lizards
  9 kobolds
  2 rats
63 creatures vanquished.

Notes
Turn   | Place    | Note
-------+----------+-------------------------------------------
     0 | D:1      | BinkBink the Minotaur Fighter began the quest for the Orb.
     0 | D:1      | Reached XP level 1. HP: 19/19 MP: 0/0
   227 | D:1      | Reached XP level 2. HP: 25/27 MP: 1/1
   774 | D:2      | Reached XP level 3. HP: 33/33 MP: 2/2
   800 | D:2      | Found Duepnyi's Distillery.
   810 | D:2      | Found a faded altar of an unknown god.
   853 | D:2      | Prayed at the altar of an unknown god.
   853 | D:2      | Became a worshipper of Lugonu the Unformed
   853 | D:2      | Reached * piety under Lugonu
   985 | D:2      | Found Myom's Distillery.
  1173 | D:2      | Found Ixumpid's Armour Shop.
  1287 | D:2      | Found Geamader's General Store.
  1455 | D:2      | Noticed Jessica
  1471 | D:2      | Killed Jessica
  1472 | D:2      | Reached XP level 4. HP: 30/41 MP: 3/3
  1559 | D:2      | Found Wanum's Jewellery Shoppe.
  1618 | D:3      | Found a transporter.
  1619 | D:3      | Found a transporter.
  1619 | D:3      | Noticed an ogre
  1619 | D:3      | Noticed Zlot's ghost (amateur GrRe)
  1620 | D:3      | Noticed an ogre
  1622 | D:3      | Identified the +8 great mace "Death Rattle" {heavy, rN++
                  | Dex-5}
  1622 | D:3      | Noticed an ogre
  1781 | D:3      | You fall into a shaft and drop 1 floor!
  1793 | D:4      | Noticed a black bear
  1883 | D:4      | Killed a black bear
  1884 | D:4      | Reached XP level 5. HP: 38/47 MP: 4/4
  1951 | D:4      | Reached ** piety under Lugonu
  1959 | D:4      | Reached skill level 5 in Shields
  2026 | D:4      | Reached skill level 5 in Fighting
  2026 | D:4      | Reached skill level 5 in Armour
  2085 | D:4      | HP: 2/48 [gnoll/+1 whip of holy wrath (4)]
  2101 | D:4      | Reached XP level 6. HP: 18/56 MP: 5/5
  2410 | D:4      | Slain by an ogre

Illustrated notes

Levels and vault maps discovered:
D:1:      minmay_arrival_semitransparent, layout_loops_cross
D:2:      layout_loops_ring, ebering_ecumenical_altar_rust, serial_shops,
          nicolae_shop_trees, shop, shop, nicolae_shop_real_fake_doors,
          nicolae_shop_stone, uniq_jessica
D:3:      layout_basic, gammafunk_ghost_smash, uniq_robin
D:4:      layout_cave_pools

Skill      XL: |  1  2  3  4  5 |
---------------+----------------+-----
Armour         | 4 5 |  5.2
Fighting       | 4 5 |  5.1
Shields        | 4 5 |  5.2
Maces & Flails | 3 4 |  4.3

Action                     |  1- 3 |  4- 6 || total
---------------------------+-------+-------++-------
  Melee: Flail             |    82 |    66 ||   148
         Headbutt          |     6 |    11 ||    17
         Whip              |       |    19 ||    19
    Use: Potion            |       |     3 ||     3
 Armour: Scale mail        |    54 |    78 ||   132
  Dodge: Dodged            |    39 |    38 ||    77
  Block: Buckler           |    13 |       ||    13
         Kite shield       |     4 |    47 ||    51

Table legend: (Time is in decaauts)
 A = Elapsed time spent in this place.
 B = Non-inter-level travel time spent in this place.
 C = Inter-level travel time spent in this place.
 D = Time resting spent in this place.
 E = Time spent auto-exploring this place.
 F = Levels seen in this place.
 G = Mean time per level.
                   A        B        C        D        E       F      G
               +--------+--------+--------+--------+--------+-----+--------+
         Total |   2455 |   2378 |     77 |      0 |   1886 |   4 |  613.8 |
       Dungeon |   2455 |   2378 |     77 |      0 |   1886 |   4 |  613.8 |
               +--------+--------+--------+--------+--------+-----+--------+

Top non-repeatable levels by time:
     D:2: 841 daAuts
     D:1: 782 daAuts
     D:4: 642 daAuts
     D:3: 188 daAuts
